 Dungeon Crawl Stone Soup version 0.28-a0-816-gb054d885db (webtiles) character file.

Game seed: 3963031445074400583

15729 Crownlay the Thaumaturge (level 12, -11/59 HPs)
             Began as a Gargoyle Earth Elementalist on Nov 8, 2021.
             Was a High Priest of Vehumet.
             Mangled by an anaconda simulacrum (14 damage)
             ... in an ice cave.
             The game lasted 00:33:41 (16524 turns).

Crownlay the Thaumaturge (GrEE)                    Turns: 16524, Time: 00:33:42

Health: -11/59     AC: 23    Str: 18    XL:     12   Next: 30%
Magic:  8/28       EV:  9    Int: 21    God:    Vehumet [*****.]
Gold:   772        SH:  5    Dex: 16    Spells: 27/35 levels left

rFire   . . .      SeeInvis .   K - staff of earth
rCold   . . .      Faith    +   c - +0 buckler
rNeg    + . .      Spirit   .   H - +2 steam dragon scales rPois āˆž Reflect .
                                n - +2 hat
rElec   +          Harm     .   p - +2 cloak {Stlth+}
rCorr   .          Rampage  .   E - +0 pair of gloves
Will    .....                   N - +1 pair of boots {Stlth+}
Stlth   ++++......              w - amulet of faith
HPRegen 0.19/turn               F - +6 ring of strength
MPRegen 0.21/turn               L - +6 ring of dexterity

@: constricted
A: sickness immunity, AC +8, negative energy resistance 1, electricity
resistance, torment resistance 1, petrification resistance
a: Renounce Religion


You were in an ice cave.
You worshipped Vehumet.
Vehumet was extremely pleased with you.
You visited 2 branches of the dungeon, and saw 13 of its levels.
You also visited: Ossuary and Ice Cave.

You collected 772 gold pieces.

Inventory:

Hand Weapons
 A - the +2 Maxwell's thermic engine {flame, freeze}
   (You found it on level 5 of the Dungeon)

   It burns those it strikes, dealing additional fire damage.
   Big, fiery blades are also staple armaments of hydra-hunters.
   It freezes those it strikes, dealing additional cold damage.
   It can also slow down cold-blooded creatures.
   It becomes more effective when it hits something.
   This effect fades over time.
Missiles
 a - a throwing net
 m - 14 stones
 x - 2 silver javelins
Armour
 c - a +0 buckler (worn)
 n - a +2 hat (worn)
 p - a +2 cloak of stealth (worn)
 E - a +0 pair of gloves (worn)
 H - +2 steam dragon scales (worn)
 N - a +1 pair of boots of stealth (worn)
Magical Staves
 K - a staff of earth (weapon)
Jewellery
 w - an amulet of faith (around neck)
 F - a +6 ring of strength (left hand)
 L - a +6 ring of dexterity (right hand)
Wands
 v - a wand of polymorph (9)
 O - a wand of digging (8)
 P - a wand of charming (3)
Scrolls
 b - 8 scrolls of teleportation
 f - a scroll of enchant weapon
 g - a scroll of fear {unknown}
 l - 3 scrolls of noise
 o - a scroll of torment
 r - 4 scrolls of magic mapping
 u - 2 scrolls of fog
 y - 3 scrolls of amnesia
 G - a scroll of silence
 I - a scroll of holy word {unknown}
Potions
 d - 3 potions of brilliance
 e - a potion of lignification {unknown}
 h - 3 potions of berserk rage
 i - 3 potions of degeneration
 j - 3 potions of might
 q - 2 potions of magic {unknown}
 t - 4 potions of mutation
 z - 3 potions of flight
 C - 7 potions of curing
 D - 2 potions of haste {unknown}
 J - a potion of attraction {unknown}


   Skills:
 - Level 1.5 Dodging
 - Level 2.1 Stealth
 - Level 4.0 Shields
 - Level 12.0 Spellcasting
 * Level 8.5 Necromancy
 - Level 5.0 Transmutations
 - Level 11.0 Earth Magic


You had 27 spell levels left.
You knew the following spells:

 Your Spells              Type           Power      Damage    Failure   Level
a - Sandblast             Erth           100%       2d20      1%          1
b - Stone Arrow           Conj/Erth      100%       3d13      1%          3
c - Sticky Flame          Conj/Fire      12%        2d4       13%         4

Your spell library contained the following spells:

 Spells                   Type           Power      Damage    Failure   Level
 Eringya's Noxious Bog    Tmut/Pois      11%        N/A       54%         6
 Beastly Appendage        Tmut           66%        N/A       1%          1
 Passwall                 Tmut/Erth      51%        N/A       1%          2
 Wereblood                Tmut           33%        N/A       1%          2
 Petrify                  Tmut/Erth      62%        N/A       1%          4
 Ignite Poison            Fire/Tmut/Pois 19%        N/A       2%          3
 Conjure Flame            Conj/Fire      12%        6-21      4%          3
 Slow                     Hex            48%        N/A       5%          1
 Spider Form              Tmut/Pois      23%        N/A       5%          3
 Ensorcelled Hibernation  Hex/Ice        24%        N/A       8%          2
 Yara's Violent Unravell  Hex/Tmut       11%        3d6       13%         5
 Confusing Touch          Hex            12%        N/A       16%         3
 Borgnjor's Revivificati  Necr           24%        N/A       100%        8
 Necromutation            Tmut/Necr      20%        N/A       100%        8
 Death's Door             Necr           24%        N/A       100%        9


Dungeon Overview and Level Annotations

Branches:
Dungeon (12/15)            Temple (1/1) D:4            Lair (0/6) D:8
    Orc (0/2) D:12        Ossuary (visited)           IceCv (1/1)

Altars:
Ashenzari
Cheibriados
Dithmenos
Elyvilon
Fedhas
Hepliaklqana
Makhleb
Nemelex Xobeh
Okawaru
Qazlal
Ru
Sif Muna
Trog
Uskayaw
Vehumet
Wu Jian
Xom
Yredelemnul
Zin
The Shining One
Beogh

Annotations:
D:9 1 runed translucent door


Innate Abilities, Weirdness & Mutations

You are immune to sickness and miasma.
Your stone body is resilient. (AC +8)
You are immune to poison.
You resist negative energy. (rN+)
You are resistant to electric shocks. (rElec)
You are resistant to unholy torment.
You are immune to petrification.


Message History

Aim: an ice statue (heavily damaged, 100% to hit)
You feel a surge of power!
The stone arrow hits the ice statue!!
The ice statue is severely damaged.
The ice statue gestures at you. The shard of ice hits you!
Casting: Stone Arrow (safe; 1% risk of failure)
Confirm with . or Enter, or press ? or * to list all spells.
Aiming: Stone Arrow (safe; 1% risk of failure)
Press: ? - help, Shift-Dir - straight line, f/p - ice statue
Aim: an ice statue (severely damaged, 100% to hit)
You feel a surge of power!
The stone arrow hits the ice statue!!
You destroy the ice statue!
Vehumet accepts your kill.
You feel your power returning.
You feel a surge of power!
The stone arrow hits the anaconda simulacrum!!
The anaconda simulacrum is severely damaged.
You feel a surge of power!
The stone arrow hits the anaconda simulacrum!!
The anaconda simulacrum vaporises!
Vehumet accepts your kill.
You feel a surge of power!
The stone arrow hits the anaconda simulacrum!
The anaconda simulacrum is moderately damaged.
The anaconda simulacrum closely misses you.
The anaconda simulacrum bites you. The anaconda simulacrum freezes you!!
Ouch! That really hurt!
* * * LOW HITPOINT WARNING * * *
Casting: Stone Arrow (safe; 1% risk of failure)
Confirm with . or Enter, or press ? or * to list all spells.
Aiming: Stone Arrow (safe; 1% risk of failure)
Press: ? - help, Shift-Dir - straight line, f/p - anaconda simulacrum
Aim: an anaconda simulacrum (moderately damaged, 75% to hit)
You feel a surge of power!
The stone arrow hits the anaconda simulacrum!!
The anaconda simulacrum is almost destroyed.
The anaconda simulacrum grabs you. The anaconda simulacrum bites you.
* * * LOW HITPOINT WARNING * * *
The anaconda simulacrum freezes you!
You die...

#### ############# ...##
##.....#.....##
....###.....[#......##
.....#.......#.......#..
..āˆ©.............@Zā—‹.....
.....#.......#.......#..
....###......#......## ...##
##.....#.....## ####
#############


You could see an anaconda simulacrum.

Vanquished Creatures
  A hydra (D:11)
  A boulder beetle (D:12)
  A two-headed ogre (D:9)
  Urug (D:11)
  An ugly thing (IceCv)
  A cyclops (D:11)
  3 ice statues (IceCv)
  An anaconda simulacrum (IceCv)
  3 trolls
  A wolf spider simulacrum (D:11)
  2 hornets
  2 shadows
  2 wyverns (D:9)
  10 yaks
  Eustachio (D:4)
  3 steam dragons
  A death yak simulacrum (IceCv)
  10 vampire mosquitoes
  2 acid dragons
  3 water moccasins
  4 black bears
  2 ice beasts
  7 orc warriors
  2 sky beasts
  2 necrophages
  An ogre (D:5)
  4 centaurs
  A phantom (D:4)
  An elf zombie (D:6)
  5 kobold brigands
  Blork the orc (D:5)
  4 bullfrogs (D:8)
  A water moccasin zombie (Ossuary)
  An elf skeleton (D:6)
  2 cane toad simulacra (IceCv)
  11 scorpions
  A water moccasin skeleton (D:5)
  An elephant simulacrum (IceCv)
  4 wights (D:8)
  3 howler monkeys (D:11)
  6 centaur zombies
  3 hounds (D:6)
  4 bullfrog skeletons
  6 orc priests
  A human zombie (D:6)
  A centaur skeleton (D:7)
  A jelly (D:7)
  Crazy Yiuf (D:3)
  A human skeleton (D:6)
  3 iguanas
  8 orc wizards
  A polar bear simulacrum (IceCv)
  A killer bee zombie (D:7)
  A hound zombie (D:5)
  Robin (D:4)
  2 mummies (Ossuary)
  7 adders
  6 white imps (D:12)
  3 ufetubi
  7 adder zombies (Ossuary)
  A worm (D:2)
  3 dart slugs (D:4)
  48 orcs
  13 bats
  9 endoplasms
  8 giant cockroaches
  13 goblins
  9 hobgoblins
  5 jackals
  3 quokkas
  4 ball pythons
  3 frilled lizards (D:3)
  6 gnoll zombies (Ossuary)
  7 hobgoblin zombies (Ossuary)
  26 kobolds
  A kobold zombie (Ossuary)
  An orc skeleton (D:6)
  3 orc zombies
  20 rats
  A spectral kobold (D:3)
356 creatures vanquished.

Vanquished Creatures (collateral kills)
  2 white imps (D:12)
2 creatures vanquished.

Vanquished Creatures (others)
  4 white imps (D:12)
  21 fungi
  15 plants (D:8)
40 creatures vanquished.

Grand Total: 398 creatures vanquished

Notes
Turn   | Place    | Note
-------+----------+-------------------------------------------
     0 | D:1      | Crownlay the Gargoyle Earth Elementalist began the quest
                  | for the Orb.
     0 | D:1      | Reached XP level 1. HP: 10/10 MP: 3/3
   200 | D:1      | Reached XP level 2. HP: 15/15 MP: 1/5
  1238 | D:2      | Reached XP level 3. HP: 19/19 MP: 0/7
  1415 | D:2      | Learned a level 3 spell: Stone Arrow
  1472 | D:2      | Reached skill level 3 in Spellcasting
  1963 | D:3      | Found a faded altar of an unknown god.
  2103 | D:3      | Reached XP level 4. HP: 7/24 MP: 5/9
  2477 | D:3      | Found a shimmering blue altar of Sif Muna.
  3054 | D:3      | Found a runed translucent door.
  3055 | D:3      | Noticed Crazy Yiuf
  3124 | D:3      | Killed Crazy Yiuf
  3274 | D:4      | Noticed Eustachio
  3280 | D:4      | Reached skill level 4 in Spellcasting
  3280 | D:4      | Reached XP level 5. HP: 27/28 MP: 5/11
  3285 | D:4      | Killed Eustachio
  3286 | D:4      | Reached skill level 5 in Earth Magic
  3286 | D:4      | Reached XP level 6. HP: 26/32 MP: 0/13
  3520 | D:4      | Found a staircase to the Ecumenical Temple.
  3606 | Temple   | Entered the Ecumenical Temple
  3632 | Temple   | Became a worshipper of Vehumet
  3755 | D:4      | Reached skill level 5 in Spellcasting
  4029 | D:4      | Noticed Robin
  4299 | D:4      | Killed Robin
  4461 | D:4      | Identified the +0 robe of the Fife {Str+4}
  4546 | D:4      | Found an iron altar of Okawaru.
  4574 | D:4      | Found a glowing silver altar of Zin.
  4574 | D:4      | Found a glowing golden altar of the Shining One.
  4686 | D:5      | Entered Level 5 of the Dungeon
  4691 | D:5      | Reached XP level 7. HP: 36/36 MP: 12/15
  4737 | D:5      | Reached skill level 6 in Spellcasting
  5099 | D:5      | Found a shimmering altar of Xom.
  5164 | D:5      | Found the +2 Maxwell's thermic engine {flame, freeze}
  5274 | D:5      | Reached XP level 8. HP: 40/41 MP: 5/18
  5284 | D:5      | Reached skill level 7 in Spellcasting
  5514 | D:5      | Noticed Blork the orc
  5523 | D:5      | Killed Blork the orc
  5875 | D:5      | Found a bloodstained altar of Trog.
  5881 | D:5      | Reached * piety under Vehumet
  5881 | D:5      | Offered knowledge of Freeze by Vehumet.
  6417 | D:6      | Reached skill level 8 in Spellcasting
  6645 | D:6      | Found a sand-covered staircase.
  6650 | Ossuary  | Entered an ossuary
  6791 | Ossuary  | Reached ** piety under Vehumet
  6795 | Ossuary  | Offered knowledge of Foxfire by Vehumet.
  6937 | Ossuary  | Reached XP level 9. HP: 45/45 MP: 21/21
  7252 | D:6      | Reached skill level 9 in Spellcasting
  8229 | D:7      | Reached skill level 1 in Transmutations
  8359 | D:7      | Offered knowledge of Static Discharge by Vehumet.
  8610 | D:7      | Reached skill level 10 in Earth Magic
  8611 | D:7      | Reached skill level 10 in Spellcasting
  9117 | D:8      | Reached XP level 10. HP: 41/50 MP: 24/24
  9120 | D:8      | Reached *** piety under Vehumet
  9756 | D:8      | Offered knowledge of Mephitic Cloud by Vehumet.
 10059 | D:8      | Reached skill level 1 in Shields
 10066 | D:8      | Reached skill level 1 in Necromancy
 10630 | D:8      | Found a staircase to the Lair.
 10756 | D:9      | Found a runed translucent door.
 10783 | D:9      | Reached skill level 11 in Spellcasting
 10784 | D:9      | Reached **** piety under Vehumet
 10976 | D:9      | Offered knowledge of Ignite Poison by Vehumet.
 11177 | D:9      | Found a runed translucent door.
 11784 | D:9      | Noticed a two-headed ogre
 11790 | D:9      | Killed a two-headed ogre
 11791 | D:9      | Reached XP level 11. HP: 54/54 MP: 13/26
 11924 | D:9      | Reached ***** piety under Vehumet
 12004 | D:10     | Entered Level 10 of the Dungeon
 12011 | D:10     | Offered knowledge of Conjure Ball Lightning by Vehumet.
 12143 | D:10     | Reached skill level 12 in Spellcasting
 12284 | D:10     | Reached skill level 5 in Transmutations
 12849 | D:10     | Reached skill level 5 in Necromancy
 13528 | D:11     | Noticed Urug
 13537 | D:11     | Killed Urug
 13907 | D:11     | Noticed a cyclops
 13912 | D:11     | Killed a cyclops
 14402 | D:12     | Noticed a seven-headed hydra
 14510 | D:11     | Killed a seven-headed hydra
 14794 | D:12     | Reached XP level 12. HP: 56/59 MP: 24/28
 14805 | D:12     | Noticed a boulder beetle
 14814 | D:12     | Killed a boulder beetle
 14843 | D:12     | Offered knowledge of Eringya's Noxious Bog by Vehumet.
 14858 | D:12     | Found a frozen archway.
 14868 | IceCv    | Entered an ice cave
 16507 | IceCv    | Learned a level 4 spell: Sticky Flame
 16524 | IceCv    | Mangled by an anaconda simulacrum

Illustrated notes

Levels and vault maps discovered:
D:1:      sevenhm_arrival_forest_fort_large_2, layout_loops_ring,
          serial_co_window_serial, co_window_paths_a, co_window_cross_1,
          co_window_paths_a, co_window_corner_a, co_window_corner_a,
          co_window_paths_a, co_window_broadway_c, co_window_corner_ca,
          co_window_2corner, glass_columns_a, glass_columns_b, glass_columns_b
D:2:      layout_rooms, minmay_rat_hole
D:3:      layout_basic, kennysheep_orc_sif_temple,
          dreamdust_ecumenical_altar_drowned_temple, kennysheep_generic_room_4,
          uniq_crazy_yiuf_cottage
D:4:      layout_rooms, gammafunk_temple_overflow_forgotten,
          minmay_temple_entry_waves, uniq_robin, uniq_eustachio
D:5:      layout_cave_pools, lemuel_coloured_pillars_altar,
          mainiacjoe_overflow_brackets, uniq_blork_the_orc
D:6:      layout_basic, nicolae_ossuary_entry_catacombs, minmay_diced_spiral
D:7:      old_forge, layout_rooms
D:8:      layout_basic, grunt_lair_entry_orc_guard_hut
D:9:      lemuel_insect_pit, layout_loops_cross, special_room [special_room_orc]
D:10:     layout_loops_ring, kennysheep_generic_room_15
D:11:     layout_rooms, uniq_urug
D:12:     layout_stronghold, hiddenorc1_lemuel, portal_ice_cave_entry_imps
Temple:   kb_temple_of_zot
IceCv:    ice_cave_statue_garden_chambered

Skill      XL: |  1  2  3  4  5  6  7  8  9 10 11 12 |
---------------+-------------------------------------+-----
Earth Magic    | 4 5 6 7 8 10 11 | 11.0
Spellcasting   | 3 4 5 6 8 10 11 12 | 12.0
Transmutations | 2 4 5 |  5.0
Shields        | 4 |  4.0
Necromancy     | 3 6 8 |  8.5
Dodging        | |  1.5
Stealth        | |  2.1

Action                   |  1- 3 |  4- 6 |  7- 9 | 10-12 || total
-------------------------+-------+-------+-------+-------++-------
Melee: Unarmed           |    35 |       |       |       ||    35
       Trident           |    30 |   123 |     5 |       ||   158
       Double sword      |       |       |   227 |    34 ||   261
       Staff             |       |       |       |     6 ||     6
 Cast: Sandblast         |    50 |    36 |    33 |   131 ||   250
       Stone Arrow       |       |     5 |    46 |   214 ||   265
Evoke: Wand              |       |       |       |    19 ||    19
  Use: Scroll            |     2 |     4 |     7 |     8 ||    21
       Potion            |       |       |       |     4 ||     4
 Stab: Sleeping          |     3 |     3 |    10 |     1 ||    17
Armor: Robe              |    47 |    86 |   255 |    16 ||   404
       Steam dragon scal |       |       |       |   112 ||   112
Dodge: Dodged            |    58 |   103 |   265 |   140 ||   566
Block: Buckler           |       |       |       |    34 ||    34

Table legend: (Time is in decaauts)
 A = Elapsed time spent in this place.
 B = Non-inter-level travel time spent in this place.
 C = Inter-level travel time spent in this place.
 D = Time resting spent in this place.
 E = Time spent auto-exploring this place.
 F = Levels seen in this place.
 G = Mean time per level.
                   A        B        C        D        E       F      G
               +--------+--------+--------+--------+--------+-----+--------+
         Total |  16716 |  16385 |    331 |   1450 |  12202 |  15 | 1114.4 |
       Dungeon |  14358 |  14063 |    295 |    291 |  11460 |  12 | 1196.5 |
        Temple |    304 |    268 |     36 |      0 |    241 |   1 |  304.0 |
       Ossuary |    397 |    397 |      0 |      0 |    263 |   1 |  397.0 |
      Ice Cave |   1655 |   1655 |      0 |   1159 |    238 |   1 | 1655.0 |
               +--------+--------+--------+--------+--------+-----+--------+

Top non-repeatable levels by time:
     D:6: 1666 daAuts
   IceCv: 1655 daAuts
    D:11: 1480 daAuts
     D:8: 1475 daAuts
     D:3: 1362 daAuts
     D:5: 1341 daAuts
     D:9: 1332 daAuts
     D:4: 1268 daAuts
    D:10: 1252 daAuts
     D:7: 1092 daAuts
     D:1: 1060 daAuts
     D:2: 894 daAuts
 Ossuary: 397 daAuts
  Temple: 304 daAuts
    D:12: 132 daAuts
